 Dungeon Crawl Stone Soup version 0.18.1-48-g4cf74bf (webtiles) character file.

41272 Heedrag the Devastator (level 13, 0/72 HPs)
             Began as a Deep Elf Conjurer on July 28, 2016.
             Was a High Priest of Vehumet.
             Slain by an orc warlord
             ... wielding a +2 war axe of flaming
              (1 damage)
             ... on level 9 of the Dungeon.
             The game lasted 01:28:03 (23205 turns).

Heedrag the Devastator (Deep Elf Conjurer)         Turns: 23205, Time: 01:28:04

Health: 0/72       AC: 14    Str:  8    XL:     13   Next: 79%
Magic:  0/29       EV: 16    Int: 23    God:    Vehumet [*****.]
Gold:   1327       SH:  0    Dex: 15    Spells: 9 memorised, 12 levels left

rFire  . . .     SeeInvis +     Z - staff of conjuration
rCold  . . .     Gourm    +     a - +0 troll leather armour
rNeg   . . .     Faith    .     (no shield)
rPois  +         Spirit   .     r - +2 helmet {SInv}
rElec  .         Dismiss  .     C - +0 cloak
rCorr  .         Reflect  .     S - +0 pair of gloves
SustAt .         Harm     .     u - +0 pair of boots
MR     +....                    g - amulet of the gourmand
Stlth  +++.......               (no ring)
                                n - ring of poison resistance

@: delayed fireball, studying Maces & Flails, somewhat resistant to hostile
enchantments, fairly stealthy
A: hooves 1, iridescent scales 1, low mp 1, wild magic 1
a: Renounce Religion, Release Delayed Fireball


You were on level 9 of the Dungeon.
You worshipped Vehumet.
Vehumet was extremely pleased with you.
You were very full.

You visited 4 branches of the dungeon, and saw 19 of its levels.
You also visited: Labyrinth, Sewer, Ossuary and Volcano.

You collected 1327 gold pieces.

Inventory:

Armour
 a - a +0 troll leather armour (worn)
 r - a +2 helmet of see invisible (worn)
 u - a +0 pair of boots (worn)
 C - a +0 cloak (worn)
 S - a +0 pair of gloves (worn)
Magical Staves
 j - an uncursed staff of energy
 Z - an uncursed staff of conjuration (weapon)
Jewellery
 g - an amulet of the gourmand (around neck)
 n - a ring of poison resistance (left hand)
 s - an uncursed amulet of regeneration
 w - a +3 ring of protection
 A - the amulet "Nushraho" {+Rage rC+}
   (You found it on level 4 of the Lair of Beasts)

   [amulet of rage]

   It protects you from cold.
   It lets you go berserk.
 I - an uncursed ring of protection from cold
 P - an uncursed ring of sustain attributes
 V - an uncursed ring of sustain attributes
Wands
 l - a wand of iceblast (12/15)
 m - a wand of paralysis (11/24)
 M - a wand of slowing (14/48)
 O - a wand of disintegration (12/24)
Scrolls
 e - 2 scrolls of fear
 k - 6 scrolls of remove curse
 o - 4 scrolls of identify
 y - 2 scrolls of teleportation
Potions
 i - 3 potions of flight
 q - 3 potions of haste
 t - 4 potions of heal wounds
 v - 12 potions of curing
 E - a potion of brilliance
 G - 3 potions of magic
 J - a potion of ambrosia
 K - 3 potions of might
Books
 h - a book of Beasts

   Spells                             Type                      Level
   a - Summon Butterflies             Summoning                    1
   b - Call Canine Familiar           Summoning                    3
   c - Summon Ice Beast               Ice/Summoning                4
   d - Summon Mana Viper              Hexes/Summoning              5
   e - Summon Hydra                   Summoning                    7
 Q - a manual of Maces & Flails
Miscellaneous
 f - a crystal ball of energy
Comestibles
 b - a beef jerky
 c - 11 bread rations
 d - 11 fruits
 z - a meat ration


   Skills:
 + Level 5.1 Fighting
 + Level 1.0 Armour
 + Level 8.0 Dodging
 - Level 6.2 Stealth
 + Level 13.7 Spellcasting
 * Level 16.5 Conjurations
 - Level 10.0 Charms
 + Level 2.1 Summonings
 + Level 5.0 Translocations
 + Level 8.5 Fire Magic


You had 12 spell levels left.
You knew the following spells:

 Your Spells              Type           Power        Failure   Level  Hunger
a - Magic Dart            Conj           ####         1%          1    None
b - Dazzling Spray        Conj/Hex       ######       1%          3    None
c - Iskenderun's Mystic   Conj           ########     1%          4    None
d - Iskenderun's Battles  Conj/Chrm      #######.     1%          5    ###....
e - Summon Butterflies    Summ           ####....     3%          1    None
f - Blink                 Tloc           N/A          2%          2    None
g - Shroud of Golubria    Chrm/Tloc      ######....   1%          2    None
h - Delayed Fireball      Conj/Fire      N/A          13%         7    ######.
i - Repel Missiles        Chrm/Air       ######       2%          2    None


Dungeon Overview and Level Annotations

Branches:
Dungeon (13/15)            Temple (1/1) D:4            Lair (4/8) D:8
 Spider (0/4) Lair:3          Orc (1/2) D:9
  Swamp: Lair:3-6    Shoals: Lair:3-6    Vaults: D:13-14

Altars:
Ashenzari
Cheibriados
Dithmenos
Elyvilon
Fedhas
Gozag
Kikubaaqudgha
Makhleb
Nemelex Xobeh
Okawaru
Pakellas
Qazlal
Ru
Sif Muna
Trog
Vehumet
Xom
Yredelemnul
Zin
The Shining One

Shops:
D:6 *   D:9 [


Innate Abilities, Weirdness & Mutations

You have large cloven feet.
You are partially covered in iridescent scales (AC +4).
Your magical capacity is low (-10% MP).
Your spells are a little harder to cast, but a little more powerful.


Message History

Confirm wit' . or Enter, or press ? or * ta list all spells.
Ye dinnae haf enough magic ta cast tha spell.
Unknown command.
Castin': Iskenderun's Mestic Blast Confirm wit' . or Enter, or press ? or * ta list all spells.
Ye dinnae haf enough magic ta cast tha spell.
Castin': Iskenderun's Mestic Blast Confirm wit' . or Enter, or press ? or * ta list all spells.
Aimin': Iskenderun's Mestic Blast
Press: ? - help, Shift-Dir - straight line, f/p - orc warlord
Aim: an orc warlord, wieldin' a war axe o' flamin', wearin' a glowin' chain mail an' wearin' a large shield (almost dead) Ye feel a surge o' power!
Tha orb o' energy hits tha orc warlord.
Tha orc warlord be almost dead.
Yer battlesphere fires!
Tha barrage o' energy hits tha orc warlord.
Tha orc warlord be almost dead.
Tha orc warlord hits ye wit' a war axe o' flamin'!!
* * * LOW HITPOINT WARNIN'
* * * Tha orc warlord burns ye.
Ye die...

.#............#...#.....#....#...
.#............#...#######....+...
.#............#.............>#...
.#............#...########...#...
.#............#.<.# #...#...
.##########'###.*.# #...'...
..................# #...#...
..[...............# #...#...
.#####........#...
......#.#...........#####....####
......#.#...#'###.......#........
......#.#...#...#..<....#........


You could see an orc warlord and a friendly battlesphere.

Vanquished Creatures
  The ghost of PeterLawrence the Basher, a journeyman OgFi of Okawaru (D:11)
  A minotaur (Lab)
  7 hydras
  A centaur warrior (D:12)
  The ghost of daning the Carver, a journeyman HESk of Okawaru (Lair:1)
  Urug (D:11)
  The ghost of yogakurto the Vandal, a novice CeFE of Gozag (D:7)
  2 unseen horrors
  2 hill giants (D:11)
  Pikel (D:7)
  A necromancer (Lair:2)
  2 ugly things
  A wolf spider (Lair:3)
  5 elephants (Lair:4)
  A cyclops (D:11)
  A manticore (D:12)
  3 toenail golems (Volcano)
  2 black mambas (Lair:3)
  Joseph (D:8)
  2 centaur skeletons
  3 spiny frogs
  A gargoyle (D:12)
  A rime drake (Lair:4)
  4 komodo dragons
  3 trolls
  2 two-headed ogres
  Grinder (D:3)
  8 blink frogs (Lair:4)
  A shadow (D:12)
  6 humans (Volcano)
  28 yaks
  8 hippogriffs
  A wraith (D:11)
  9 basilisks
  3 fire bats (Lair:1)
  2 hungry ghosts
  Menkaure (D:7)
  Edmund (D:5)
  A warg (Orc:1)
  6 porcupines
  7 water moccasins
  Duvessa (D:7)
  3 ice beasts
  4 sky beasts
  2 slaves (D:7)
  A phantom (D:6)
  9 orc warriors
  3 black bears
  A necrophage (D:11)
  7 ogres
  10 centaurs
  7 crocodiles
  A big kobold (D:8)
  9 giant frogs
  6 water moccasin zombies (Ossuary)
  A wyvern skeleton (D:9)
  Dowan (D:7)
  4 scorpions
  6 killer bees (D:8)
  3 wights (D:10)
  4 spriggan skeletons (D:11)
  6 howler monkeys
  3 crimson imps
  2 centaur zombies (D:5)
  9 orc priests
  Crazy Yiuf (D:3)
  8 hounds
  2 jellies
  A giant frog skeleton (D:12)
  14 orc wizards
  Jessica (D:2)
  9 iguanas
  2 polar bear simulacra (Lair:2)
  8 worker ants
  3 yak simulacra (Lair:2)
  Terence (D:2)
  5 wolf simulacra (Lair:2)
  5 sheep (Lair:4)
  4 big kobold zombies (Ossuary)
  A hound skeleton (D:6)
  2 hound zombies
  2 mummies (Ossuary)
  Robin (D:3)
  A howler monkey skeleton (D:5)
  16 adders
  5 gnolls
  32 river rats
  8 shadow imps
  An ooze (D:3)
  An adder skeleton (D:4)
  4 adder zombies
  3 worms
  2 dart slugs (D:1)
  8 giant geckos
  65 orcs
  A ball python (D:3)
  6 giant cockroaches
  2 gnoll zombies (Ossuary)
  13 goblins
  14 hobgoblins
  19 jackals
  17 kobolds
  3 quokkas
  15 bats
  A giant gecko skeleton (D:6)
  8 giant newts
  3 hobgoblin zombies (Ossuary)
  5 kobold zombies (Ossuary)
  8 orc zombies (Ossuary)
  5 rats
  A river rat simulacrum (Lair:2)
  2 fungi (Lair:1)
576 creatures vanquished.

Vanquished Creatures (others)
  The ghost of Gartch2 the Covert, a journeyman SpEn of Vehumet (Volcano)
  7 fungi
  A plant (D:8)
9 creatures vanquished.

Grand Total: 585 creatures vanquished

Notes
Turn   | Place    | Note
--------------------------------------------------------------
     0 | D:1      | Heedrag the Deep Elf Conjurer began the quest for the Orb.
     0 | D:1      | Reached XP level 1. HP: 10/10 MP: 6/6
   191 | D:1      | Reached XP level 2. HP: 15/15 MP: 6/8
   358 | D:1      | Reached skill level 5 in Conjurations
   467 | D:1      | Reached XP level 3. HP: 11/19 MP: 0/10
   472 | D:1      | Learned a level 3 spell: Dazzling Spray
  1380 | D:2      | Noticed Terence
  1534 | D:3      | Noticed Robin
  1545 | D:2      | Reached XP level 4. HP: 22/24 MP: 6/12
  1688 | D:2      | Learned a level 4 spell: Iskenderun's Mystic Blast
  1702 | D:2      | Noticed Jessica
  1707 | D:2      | Killed Jessica
  1715 | D:2      | Reached skill level 6 in Conjurations
  2299 | D:3      | Reached XP level 5. HP: 28/28 MP: 11/13
  2305 | D:3      | Noticed Grinder
  2328 | D:4      | Found a blossoming altar of Fedhas.
  2394 | D:4      | Found a stormy altar of Qazlal.
  2487 | D:4      | Found a glowing drain.
  2505 | Sewer    | Entered a sewer
  2505 | Sewer    | Noticed Situis's ghost (amateur CeAM)
  2847 | D:4      | Learned a level 5 spell: Iskenderun's Battlesphere
  3037 | D:4      | Found a staircase to the Ecumenical Temple.
  3059 | D:4      | Reached skill level 1 in Charms
  3087 | Temple   | Entered the Ecumenical Temple
  3119 | Temple   | Became a worshipper of Vehumet
  3431 | D:5      | Entered Level 5 of the Dungeon
  3431 | D:5      | Noticed an orc warrior
  3434 | D:5      | Reached skill level 5 in Spellcasting
  3775 | D:5      | Reached skill level 7 in Conjurations
  3775 | D:5      | Reached XP level 6. HP: 32/32 MP: 5/15
  4611 | D:5      | Found a white marble altar of Elyvilon.
  4657 | D:5      | Found a burning altar of Makhleb.
  4659 | D:5      | Found a glowing golden altar of the Shining One.
  4692 | D:5      | Killed an orc warrior
  4692 | D:5      | Reached XP level 7. HP: 5/36 MP: 1/17
  4716 | D:5      | Noticed Edmund
  4875 | D:3      | Killed Robin
  5139 | D:3      | Reached * piety under Vehumet
  5139 | D:3      | Offered knowledge of Sting by Vehumet.
  5147 | D:3      | Killed Grinder
  5147 | D:3      | Reached skill level 8 in Conjurations
  5564 | D:3      | Noticed Crazy Yiuf
  5567 | D:3      | Killed Crazy Yiuf
  6067 | D:2      | Killed Terence
  6485 | D:5      | Reached skill level 5 in Charms
  6485 | D:5      | Reached XP level 8. HP: 41/41 MP: 11/20
  6708 | D:5      | Killed Edmund
  6708 | D:5      | Reached skill level 9 in Conjurations
  7207 | D:6      | Reached skill level 10 in Conjurations
  7302 | D:5      | Reached XP level 9. HP: 30/45 MP: 6/23
  7479 | D:6      | Offered knowledge of Throw Frost by Vehumet.
  7515 | D:6      | Reached ** piety under Vehumet
  7602 | D:6      | Found Dousiruh's Assorted Antiques.
  7761 | D:6      | Reached skill level 11 in Conjurations
  8191 | D:7      | Noticed Menkaure
  8195 | D:7      | Killed Menkaure
  8262 | D:7      | Noticed yogakurto's ghost (novice CeFE)
  8285 | D:7      | Killed yogakurto's ghost
  8484 | D:7      | Offered knowledge of Ignite Poison by Vehumet.
  8572 | D:7      | Reached *** piety under Vehumet
  8576 | D:7      | Reached skill level 10 in Spellcasting
  8576 | D:7      | Reached XP level 10. HP: 30/50 MP: 3/26
  8692 | D:7      | Found a sparkling altar of Nemelex Xobeh.
  8694 | D:7      | Found an opulent altar of Gozag.
  8741 | D:7      | Noticed Duvessa
  8741 | D:7      | Noticed Dowan
  8745 | D:7      | Killed Dowan
  8745 | D:7      | Reached skill level 12 in Conjurations
  8748 | D:7      | Killed Duvessa
  9139 | D:7      | Noticed Pikel
  9146 | D:7      | Killed Pikel
  9416 | D:7      | Reached skill level 10 in Charms
  9417 | D:7      | Offered knowledge of Inner Flame by Vehumet.
  9424 | D:7      | Learned a level 3 spell: Inner Flame
  9572 | D:8      | Found a sand-covered staircase.
  9637 | Ossuary  | Entered an ossuary
  9961 | Ossuary  | Reached **** piety under Vehumet
  9974 | Ossuary  | Offered knowledge of Bolt of Magma by Vehumet.
 10397 | D:8      | Reached skill level 1 in Fire Magic
 10738 | D:8      | Reached skill level 13 in Conjurations
 11024 | D:8      | Noticed Joseph
 11032 | D:8      | HP: 1/50 [Joseph/quarterstaff (15)]
 11033 | D:8      | Killed Joseph
 11345 | D:8      | Found a staircase to the Lair.
 11371 | D:8      | Reached ***** piety under Vehumet
 11372 | D:8      | Offered knowledge of Lightning Bolt by Vehumet.
 11379 | D:8      | Reached skill level 5 in Stealth
 11822 | D:9      | Reached XP level 11. HP: 54/54 MP: 20/28
 11975 | D:9      | Found a staircase to the Orcish Mines.
 11989 | D:9      | Noticed a skeletal warrior
 12024 | D:9      | Found Upuewanali's Armour Shoppe.
 12305 | D:9      | Gained mutation: You are weak. (Str -2) [potion of mutation]
 12305 | D:9      | Gained mutation: Your magical capacity is low (-10% MP). [potion of mutation]
 12306 | D:9      | Gained mutation: You have large cloven feet. [potion of mutation]
 12306 | D:9      | Lost mutation: You are weak. (Str -2) [potion of mutation]
 12306 | D:9      | Gained mutation: Your spells are a little harder to cast, but a little more powerful. [potion of mutation]
 12650 | D:9      | Found a shadowy altar of Dithmenos.
 12842 | D:10     | Entered Level 10 of the Dungeon
 13396 | Lair:1   | Entered Level 1 of the Lair of Beasts
 13662 | Lair:1   | Noticed daning's ghost (journeyman HESk)
 13787 | Lair:1   | Reached skill level 14 in Conjurations
 13817 | Lair:1   | Found a dark tunnel.
 13828 | Volcano  | Entered a volcano
 13830 | Volcano  | Noticed Gartch2's ghost (journeyman SpEn)
 13951 | Volcano  | Reached skill level 1 in Fighting
 13951 | Volcano  | Killed Gartch2's ghost
 14461 | Lair:1   | Reached skill level 5 in Fire Magic
 14720 | Lair:1   | Offered knowledge of Delayed Fireball by Vehumet.
 14736 | Lair:1   | Noticed a five-headed hydra
 14739 | Lair:1   | Killed a five-headed hydra
 14751 | Lair:1   | Gained mutation: Your body sometimes deteriorates upon taking damage. [potion of mutation]
 14751 | Lair:1   | Gained mutation: You are partially covered in iridescent scales (AC +4). [potion of mutation]
 14751 | Lair:1   | Lost mutation: Your body sometimes deteriorates upon taking damage. [potion of mutation]
 14987 | Lair:1   | Killed daning's ghost
 15771 | Lair:2   | Noticed a necromancer
 15774 | Lair:2   | Killed a necromancer
 15774 | Lair:2   | Reached XP level 12. HP: 64/64 MP: 18/27
 16096 | Lair:3   | Noticed an eight-headed hydra
 16101 | Lair:3   | Killed an eight-headed hydra
 16115 | Lair:3   | Identified a scroll of acquirement
 16122 | Lair:3   | Learned a level 2 spell: Blink
 16125 | Lair:3   | Learned a level 2 spell: Shroud of Golubria
 16133 | Lair:3   | Learned a level 7 spell: Delayed Fireball
 16318 | Lair:3   | Noticed a six-headed hydra
 16331 | Lair:3   | Killed a six-headed hydra
 16331 | Lair:3   | Reached skill level 5 in Dodging
 16339 | Lair:3   | Reached skill level 15 in Conjurations
 16992 | D:10     | Reached skill level 1 in Translocations
 17745 | D:11     | Noticed Urug
 17751 | D:11     | Killed Urug
 17988 | D:11     | Noticed PeterLawrence's ghost (journeyman OgFi)
 18288 | D:11     | Killed PeterLawrence's ghost
 18943 | D:12     | Noticed a seven-headed hydra
 18943 | D:12     | Found a labyrinth entrance.
 18943 | D:12     | Noticed a centaur warrior
 18958 | D:13     | Reached XP level 13. HP: 55/70 MP: 4/29
 19152 | Lab      | Entered a labyrinth
 19835 | Lab      | Noticed a minotaur
 19842 | Lab      | Killed a minotaur
 19849 | Lab      | Got a sparkling zirconium amulet
 19851 | Lab      | Identified the amulet "Ojaanimy" {Reflect Int-2 Dex+7 SH+3 SInv} (You found it in a labyrinth)
 19857 | Lab      | Learned a level 2 spell: Repel Missiles
 19858 | Lab      | Identified a +7 rod of shadows (12/12) (You found it in a labyrinth)
 20121 | Lair:3   | Found a hole to the Spider Nest.
 20189 | Lair:3   | Reached skill level 16 in Conjurations
 20472 | Lair:3   | Learned a level 1 spell: Summon Butterflies
 21122 | Lair:4   | Offered knowledge of Irradiate by Vehumet.
 21575 | Lair:4   | Reached skill level 1 in Summonings
 21914 | Lair:4   | Reached skill level 5 in Fighting
 22151 | Lair:4   | Got a sparkling lead amulet
 22153 | Lair:4   | Identified the amulet "Nushraho" {+Rage rC+} (You found it on level 4 of the Lair of Beasts)
 22288 | Lair:4   | Reached skill level 1 in Armour
 22637 | Lair:4   | Reached skill level 5 in Translocations
 22981 | Orc:1    | Entered Level 1 of the Orcish Mines
 22983 | Orc:1    | Noticed an orc warlord
 23205 | D:9      | HP: 1/72 [orc warlord/war axe of flaming (32)]
 23205 | D:9      | Slain by an orc warlord

Skill      XL: |  1  2  3  4  5  6  7  8  9 10 11 12 13 |
---------------+----------------------------------------+-----
Conjurations   | 5 6 7 8 10 11 13 14 15 16 | 16.5
Spellcasting   | 4 5 7 8 10 11 12 13 | 13.7
Charms         | 1 3 5 7 9 10 | 10.0
Stealth        | 5 6 |  6.2
Fire Magic     | 3 5 7 8 |  8.5
Fighting       | 2 4 5 |  5.1
Dodging        | 4 6 8 |  8.0
Translocations | 3 5 |  5.0
Summonings     | 2 |  2.1
Armour         | 1 |  1.0

Action                   |  1- 3 |  4- 6 |  7- 9 | 10-12 | 13-15 || total
-------------------------+-------+-------+-------+-------+-------++-------
Melee: Dagger            |     4 |     2 |       |       |       ||     6
       Short sword       |       |       |     3 |       |       ||     3
       Spear             |       |       |       |    85 |       ||    85
 Cast: Magic Dart        |    86 |   144 |   240 |   556 |   121 ||  1147
       Dazzling Spray    |       |     9 |       |       |       ||     9
       Iskenderun's Batt |       |     4 |    27 |    96 |    37 ||   164
       Iskenderun's Myst |       |       |    10 |    88 |    77 ||   175
       Delayed Fireball  |       |       |       |     1 |       ||     1
       Summon Butterflie |       |       |       |       |     1 ||     1
  Use: Scroll            |       |       |     3 |    21 |     8 ||    32
       Potion            |       |       |       |     8 |       ||     8
  Eat: Chunk             |     2 |     9 |    17 |    28 |    31 ||    87
       Beef jerky        |       |     1 |     1 |     1 |     1 ||     4
       Meat ration       |       |       |       |     3 |       ||     3
       Pizza             |       |       |       |     1 |     1 ||     2
Armor: Robe              |     3 |    30 |    14 |    56 |    13 ||   116
       Troll leather arm |       |       |       |       |     1 ||     1
Dodge: Dodged            |    11 |    77 |    33 |   186 |    36 ||   343
